 Dungeon Crawl Stone Soup version 0.29.1-15-g9cfb28693d (webtiles) character file.

Game seed: 6282330987024923481

93 cdecastro the Slasher (level 4, -8/39 HPs)
             Began as a Minotaur Fighter on Mar 5, 2023.
             Mangled by Sigmund
             ... wielding a +2 vampiric scythe
              (10 damage)
             ... on level 2 of the Dungeon.
             The game lasted 00:01:38 (1537 turns).

cdecastro the Slasher (Minotaur Fighter)            Turns: 1537, Time: 00:01:38

Health: -8/39      AC:  8    Str: 22    XL:     4   Next: 36%
Magic:  3/3        EV:  9    Int:  5    God:
Gold:   79         SH:  0    Dex: 10    Spells: 3/3 levels left

rFire   . . .      SeeInvis .   e - +1 long sword (holy)
rCold   . . .      Faith    .   (no shield)
rNeg    . . .      Spirit   .   b - +0 scale mail
rPois   .          Reflect  .   (helmet restricted)
rElec   .          Harm     .   (no cloak)
rCorr   .          Rampage  .   (no gloves)
Will    .....                   j - +0 pair of boots
Stlth   ..........              (no amulet)
HPRegen 0.13/turn               (no ring)
MPRegen 0.08/turn               (no ring)

@: no status effects
A: horns 2, retaliatory headbutt
a: no special abilities


You were on level 2 of the Dungeon.
You visited 1 branch of the dungeon, and saw 2 of its levels.

You collected 79 gold pieces.

Inventory:

Hand Weapons
 a - a +0 war axe
 e - a +1 long sword of holy wrath (weapon)
Armour
 b - a +0 scale mail (worn)
 c - a +0 buckler
 j - a +0 pair of boots (worn)
Scrolls
 f - a scroll of amnesia {unknown}
 g - a scroll of summoning {unknown}
 m - 4 scrolls of identify {unknown}
Potions
 d - a potion of might
 h - a potion of resistance {unknown}
 i - 3 potions of heal wounds
 k - a potion of flight {unknown}
 l - a potion of cancellation {unknown}
 n - a potion of lignification {unknown}


   Skills:
 - Level 3.6 Fighting
 + Level 4.1 Long Blades
 - Level 3.6 Axes
 - Level 3.6 Armour
 - Level 3.6 Shields


You had 3 spell levels left.
You didn't know any spells.
Your spell library was empty.

Dungeon Overview and Level Annotations

Branches:
Dungeon (2/15)

Altars:

Annotations:
D:2 Sigmund


Innate Abilities, Weirdness & Mutations

You have a pair of horns on your head.
You reflexively headbutt those who attack you in melee.


Message History

Sigmund flickers and vanishes!
Deactivating autopickup; reactivate with Ctrl-A.
A kobold comes into view. It is wielding a +0 dagger.
A giant cockroach comes into view.
You slash the quokka!
You kill the quokka!
You hit the giant cockroach but do no damage.
The giant cockroach completely misses you.
Something hits you!
You barely miss the giant cockroach.
The giant cockroach bites you but does no damage. x2
You closely miss the giant cockroach. Something hits you.
The giant cockroach bites you but does no damage.
You slash the giant cockroach!
You kill the giant cockroach!
Something hits you.
The kobold shouts!
Something hits you!
* * * LOW HITPOINT WARNING * * *
You barely miss something. Your headbutt misses something. You miss something.
Something hits you!
* * * LOW HITPOINT WARNING * * *
You barely miss something. Your headbutt misses something. Something hits you.
* * * LOW HITPOINT WARNING * * *
You closely miss something. Something hits you but does no damage.
You miss something.
You hear some strange, mumbled words.
A puff of flame appears from out of thin air!
The puff of flame hits you.
* * * LOW HITPOINT WARNING * * *
You miss something. Your headbutt misses something. Something hits you.
* * * LOW HITPOINT WARNING * * *
You hit something but do no damage. Something completely misses you.
You hit something. Your headbutt misses something.
You hit something but do no damage. Your headbutt misses something.
Something hits you.
* * * LOW HITPOINT WARNING * * *
You barely miss something. Something hits you but does no damage.
You barely miss something. Something hits you!
You die...

..........##...#
......)...##.#.#
.>........#..#.# #########
#####.#........# #........
#.#..###.#######........
#.#.....................
##..........#######.........
...##..#......####..########
### ##...##...K{@..## .#
.....##...###### #
.###.##...# .##.....#.K{#
#............ .#<..........
............ #...........
#..#.. ########


You could see a kobold.

Vanquished Creatures
  Terence (D:2)
  A gnoll (D:1)
  An adder (D:2)
  3 dart slugs (D:1)
  4 ball pythons
  4 endoplasms (D:1)
  3 giant cockroaches
  6 goblins (D:1)
  4 hobgoblins
  A kobold (D:1)
  3 quokkas (D:2)
  A bat (D:1)
  A frilled lizard (D:2)
  6 rats
39 creatures vanquished.

Notes
Turn   | Place    | Note
-------+----------+-------------------------------------------
     0 | D:1      | cdecastro the Minotaur Fighter began the quest for the Orb.
     0 | D:1      | Reached XP level 1. HP: 19/19 MP: 0/0
    75 | D:1      | Reached XP level 2. HP: 26/26 MP: 1/1
   283 | D:1      | Found a faded altar of an unknown god.
   298 | D:1      | Reached skill level 1 in Long Blades
   507 | D:1      | Reached skill level 2 in Long Blades
   507 | D:1      | Reached XP level 3. HP: 31/31 MP: 2/2
   982 | D:2      | Reached skill level 3 in Long Blades
  1232 | D:2      | Noticed Terence
  1257 | D:2      | Killed Terence
  1258 | D:2      | Reached skill level 4 in Long Blades
  1258 | D:2      | Reached XP level 4. HP: 11/39 MP: 3/3
  1516 | D:2      | Noticed Sigmund
  1537 | D:2      | Mangled by Sigmund

Illustrated notes

Levels and vault maps discovered:
D:1:      onia_arrival_mini_maze_b, layout_basic,
          shapermc_ecumenical_altar_totnotflames, minmay_unequal
D:2:      layout_rooms, minivault_25, chequers_serial_rivers_small_a,
          dk_vineyard_1, uniq_terence, uniq_sigmund

Skill      XL: |  1  2  3 |
---------------+----------+-----
Axes           | 3 |  3.6
Long Blades    | 2 4 |  4.1
Fighting       | |  3.6
Armour         | |  3.6
Shields        | |  3.6

Action                   |  1- 3 |  4- 6 || total
-------------------------+-------+-------++-------
Melee: Headbutt          |    17 |       ||    17
       War axe           |     4 |       ||     4
       Long sword        |    82 |    16 ||    98
       Punch             |     1 |       ||     1
Armor: Scale mail        |    46 |     5 ||    51
Dodge: Dodged            |    47 |     2 ||    49
